 Dungeon Crawl Stone Soup version 0.16-a0-1816-g2c93a98 (webtiles) character file.

109 Gorice the Skirmisher (level 4, -1/35 HPs)
             Began as a Demonspawn Wanderer on Nov 3, 2014.
             Slain by Grinder (5 damage)
             ... while paralysed by Grinder
             ... on level 3 of the Dungeon.
             The game lasted 00:15:13 (1797 turns).

Gorice the Skirmisher (Demonspawn Wanderer)         Turns: 1797, Time: 00:15:13

Health: -1/35      AC:  7    Str: 13    XL:     4   Next: 59%
Magic:  5/5        EV:  2    Int: 11    God:
Gold:   128        SH:  0    Dex: 20    Spells: 0 memorised, 5 levels left

rFire  . . .     SeeInvis .     c - +0 hand crossbow
rCold  . . .     Clarity  .     g - +1 ring mail
rNeg   . . .     SustAb   .     (no shield)
rPois  .         Gourm    .     (helmet restricted)
rElec  .         Spirit   .     (no cloak)
rCorr  .         Warding  .     (no gloves)
rMut   .         Stasis   .     A - +0 pair of boots
MR     .....                    (no amulet)
Stlth  ++........               (no ring)
                                (no ring)

@: paralysed, agile, not resistant to hostile enchantments, unstealthy
A: horns 1, rot immunity
a: no special abilities


You were on level 3 of the Dungeon.
You were not hungry.

You visited 1 branch of the dungeon, and saw 3 of its levels.

You collected 128 gold pieces.

Inventory:

Hand weapons
 a - a +1 mace of draining
 b - a +2 shortbow
 c - a +0 hand crossbow (weapon)
 x - a +1 vampiric dagger
Missiles
 d - 32 bolts (quivered)
 e - 6 arrows
 w - 28 poisoned needles
 Z - 48 stones
Armour
 g - a +1 ring mail (worn)
 o - a +0 buckler
 q - a +0 leather armour
 A - a +0 pair of boots (worn)
Jewellery
 B - an uncursed ring of wizardry
Scrolls
 l - 3 scrolls of remove curse
 m - a scroll of immolation {unknown}
 r - a scroll of fear {unknown}
 y - 2 scrolls of teleportation {unknown}
Potions
 j - 2 potions of curing
 n - 2 potions of agility
 p - a potion of resistance
 v - a potion of might {unknown}
Comestibles
 f - a bread ration
 h - a chunk of flesh
 u - 5 meat rations
 z - 3 fruits


   Skills:
 - Level 3.0 Fighting
 * Level 2.3 Maces & Flails
   Level 0.8 Polearms
 - Level 1.0 Bows
 + Level 1.5 Crossbows
 - Level 1.7 Throwing
 - Level 1.5 Armour
 + Level 1.2 Dodging
 - Level 1.0 Spellcasting
   Level 1.0 Charms
   Level 1.0 Poison Magic


You had 5 spell levels left.
You didn't know any spells.

Dungeon Overview and Level Annotations

Branches:
Dungeon (3/15)

Altars:
Dithmenos
The Shining One

Annotations:
D:3 Grinder


Innate Abilities, Weirdness & Mutations

You have a pair of small horns on your head.
You are immune to rotting.


Message History

Grinder is heavily wounded.
Grinder hits you but does no damage.
You closely miss Grinder. You headbutt Grinder.
Grinder is severely wounded.
Grinder disappears!
Wield which item (- for none, * to show all)? (? for menu, Esc to quit)
b - a +2 shortbow (weapon)
Wield which item (- for none, * to show all)? (? for menu, Esc to quit)
c - a +0 hand crossbow (weapon)
Firing (i - inventory. (,) - cycle):
d - 33 bolts (quivered)
Press: ? - help, Shift-Dir - straight line, f/p - Grinder
Aim: Grinder carrying a wand of teleportation {zapped: 1} (severely wounded)
You shoot a bolt. The bolt closely misses Grinder.
Grinder gestures at you.
You suddenly lose the ability to move!
Grinder says, "FISH!"
Grinder hits you!
* * * LOW HITPOINT WARNING * * *
You writhe in agony.
You die...

# #...8.....#..#
.#
#......##.#..#
.#
........##.#..#
#
#........##.#..#
........+...).#
.......##....#
....##....#
###....#
#..@...#
##(5...# #(#...#
.(....# ##.....#
(.......
......P§
#....... ..(..g#


You could see Grinder.

Vanquished Creatures
  A sky beast zombie (D:3)
  3 adders
  A worm zombie (D:3)
  A worm (D:2)
  A giant gecko (D:2)
  3 giant cockroaches
  6 hobgoblins
  9 kobolds
  8 bats
  3 giant newts
  5 goblins
  7 rats
48 creatures vanquished.

Notes
Turn   | Place    | Note
--------------------------------------------------------------
     0 | D:1      | Gorice, the Demonspawn Wanderer, began the quest for the Orb.
     0 | D:1      | Reached XP level 1. HP: 18/18 MP: 2/2
   336 | D:1      | Gained mutation: You are immune to rotting. [demonic ancestry]
   336 | D:1      | Reached XP level 2. HP: 24/24 MP: 3/3
   579 | D:1      | Reached skill level 1 in Maces & Flails
   914 | D:2      | Reached skill level 1 in Crossbows
   914 | D:2      | Gained mutation: You have a pair of small horns on your head. [demonic ancestry]
   914 | D:2      | Reached XP level 3. HP: 29/29 MP: 4/4
  1000 | D:2      | Found a shadowy altar of Dithmenos.
  1261 | D:2      | Found a glowing golden altar of the Shining One.
  1610 | D:3      | Reached skill level 1 in Dodging
  1610 | D:3      | Reached XP level 4. HP: 35/35 MP: 5/5
  1769 | D:3      | Noticed Grinder
  1780 | D:3      | Paralysed by Grinder for 4 turns
  1793 | D:3      | Paralysed by Grinder for 5 turns
  1797 | D:3      | Slain by Grinder

Action                   |  1- 3 |  4- 6 || total
-------------------------+-------+-------++-------
Melee: Spear             |    23 |       ||    23
       Mace              |    32 |    20 ||    52
 Fire: Shortbow          |    59 |    25 ||    84
       Hand crossbow     |       |     5 ||     5
Throw: Stone             |       |     2 ||     2
  Use: Scroll            |     6 |     1 ||     7
       Potion            |       |     3 ||     3
  Eat: Chunk             |     2 |     1 ||     3
